 Dungeon Crawl Stone Soup version 0.13.1-22-g086cdba (webtiles) character file.

319 Kae the Insei (level 5, -6/40 HPs)
             Began as a Draconian Transmuter on Jan 1, 2014.
             Was an Initiate of Sif Muna.
             Mangled by an iguana (12 damage)
             ... on Level 4 of the Dungeon.
             The game lasted 00:04:44 (3686 turns).

Kae the Insei (Draconian Transmuter)                Turns: 3686, Time: 00:04:44

HP  -6/40        AC  5     Str 12      XL: 5   Next: 82%
MP   7/7         EV 12     Int 14      God: Sif Muna [......]
Gold 76          SH  0     Dex 12      Spells:  1 memorised,  7 levels left

Res.Fire  : + . .   See Invis. : .     - Unarmed
Res.Cold  : x . .   Warding    : .   (armour unavailable)
Life Prot.: . . .   Conserve   : .   (no shield)
Res.Poison: .       Res.Corr.  : .   (helmet restricted)
Res.Elec. : .       Clarity    : .   (no cloak)
Sust.Abil.: . .     Spirit.Shd : .   (no gloves)
Res.Mut.  : .       Stasis     : .   (no boots)
Res.Rott. : .       Flight     : .   (no amulet)
Saprovore : . . .                    m - ring of fire
                                     (no ring)

@: drained, slightly resistant to hostile enchantments, unstealthy
A: unfitting armour, AC +5
a: Renounce Religion


You were on level 4 of the Dungeon.
You worshipped Sif Muna.
Sif Muna was noncommittal.
You were very hungry.

You visited 2 branches of the dungeon, and saw 5 of its levels.

You collected 56 gold pieces.

Inventory:

Missiles
 b - 55 arrows
Comestibles
 a - 4 bread rations
 c - an apple
 s - a beef jerky
 t - a choko
Scrolls
 i - 2 scrolls of identify
 j - a scroll of curse jewellery
 k - a scroll of remove curse
 o - a scroll of curse weapon {unknown}
 r - a scroll of teleportation
Jewellery
 h - an uncursed ring of teleportation
 m - a ring of fire (right hand)
Potions
 e - a potion of slowing
 g - 4 potions of curing
 l - a potion of poison {unknown}
 n - a potion of restore abilities {unknown}
 p - a potion of brilliance {unknown}
 q - a potion of resistance {unknown}
 u - a potion of paralysis {unknown}
Books
 d - a book of Changes

   Spells                             Type                      Level
   *Beastly Appendage                 Transmutation                1
   Sticks to Snakes                   Transmutation                2
   Spider Form                        Transmutation/Poison         3
   Ice Form                           Ice/Transmutation            4
   Blade Hands                        Transmutation                5


   Skills:
 - Level 1.1(0.9) Fighting
 - Level 1.7(1.5) Dodging
 * Level 5.7(5.4) Unarmed Combat
 - Level 2.0(1.8) Spellcasting
 + Level 3.8(3.5) Transmutations


You had 7 spell levels left.
You knew the following spells:

 Your Spells              Type           Power        Failure   Level  Hunger
a - Beastly Appendage     Trmt           ##....       6%          1    ##.....


Dungeon Overview and Level Annotations

Branches:
Dungeon (4/27)             Temple (1/1) D:4

Altars:
Ashenzari
Cheibriados
Elyvilon
Fedhas
Kikubaaqudgha
Makhleb
Nemelex Xobeh
Okawaru
Sif Muna
Trog
Vehumet
Xom
Yredelemnul
Zin
the Shining One


Message History

The iguana bites you.
You hit the iguana but do no damage.
The iguana is lightly wounded.
The iguana misses you.
You hit the iguana but do no damage. The iguana bites you!
You punch the iguana!
The iguana is moderately wounded.
You closely miss the iguana.
The iguana is moderately wounded.
The iguana bites you!
* * * LOW HITPOINT WARNING * * *
You barely miss the iguana.
The iguana is moderately wounded.
The iguana bites you.
* * * LOW HITPOINT WARNING * * *
You are feeling very hungry.
You hit the iguana.
The iguana is heavily wounded.
The iguana bites you!
You die...

...... ##....# ......#
.....# .....# # ##.!..#
####### #...###
.##...#############.....#
..%.............@lw.....#
.##...........#######...#
..###.........# #...# ..#
#......#### ...# ..#
######## ...# ### ###


You could see a worm and an iguana.

Vanquished Creatures
  A phantom (D:4)
  A worker ant (D:4)
  6 adders
  A worm (D:2)
  A giant gecko (D:3)
  An ooze (D:3)
  3 orcs (D:3)
  A ball python (D:2)
  A bat zombie (D:1)
  5 giant cockroaches
  11 goblins
  7 hobgoblins
  7 jackals
  2 quokkas (D:3)
  8 bats
  A giant gecko zombie (D:1)
  3 giant newts
  A hobgoblin skeleton (D:4)
  12 kobolds
  10 rats
83 creatures vanquished.

Notes
Turn   | Place    | Note
--------------------------------------------------------------
     0 | D:1      | Kae, the Draconian Transmuter, began the quest for the Orb.
     0 | D:1      | Reached XP level 1. HP: 16/16 MP: 1/1
   134 | D:1      | Reached XP level 2. HP: 10/23 MP: 0/3
  1097 | D:2      | Reached XP level 3. HP: 28/28 MP: 4/4
  1148 | D:2      | Reached skill level 4 in Unarmed Combat
  1779 | D:2      | Reached XP level 4. HP: 31/35 MP: 4/6
  2337 | D:3      | Found a sparkling altar of Nemelex Xobeh.
  2999 | D:4      | Reached skill level 5 in Unarmed Combat
  3043 | D:4      | Reached XP level 5. HP: 34/40 MP: 7/7
  3333 | D:4      | Found a staircase to the Ecumenical Temple.
  3340 | D:4      | Noticed a phantom
  3366 | D:4      | Killed a phantom
  3375 | Temple   | Entered the Ecumenical Temple
  3491 | Temple   | Became a worshipper of Sif Muna the Loreminder
  3557 | D:4      | Found a white marble altar of Elyvilon.
  3686 | D:4      | Mangled by an iguana

Action                   |  1- 3 |  4- 6 || total
-------------------------+-------+-------++-------
Melee: Unarmed           |   146 |   167 ||   313
 Cast: Beastly Appendage |    10 |    11 ||    21
  Use: Scroll            |       |     7 ||     7
       Potion            |       |     1 ||     1
